 Dungeon Crawl Stone Soup version 0.31.0-11-ge490571c62 (webtiles) character file.

Game seed: 18409704569995950988

116 qw the Skirmisher (level 4, 0/25 HPs)
             Began as a Deep Elf Hunter on Feb 4, 2024.
             Slain by a cerulean imp
             ... wielding a +1 spear
             ... summoned by Natasha
              (6 damage)
             ... on level 2 of the Dungeon.
             The game lasted 00:00:09 (1782 turns).

qw the Skirmisher (Deep Elf Hunter)                 Turns: 1782, Time: 00:00:10

Health: 0/25       AC:  6    Str: 10    XL:     4   Next: 69%
Magic:  6/6        EV: 12    Int: 14    God:
Gold:   121        SH:  0    Dex: 18    Spells: 3/3 levels left

rFire   . . .        a - +0 shortbow
rCold   . . .        (shield currently unavailable)
rNeg    . . .        c - +0 leather armour
rPois   .            (no helmet)
rElec   .            d - +0 cloak
rCorr   .            e - +0 pair of gloves
SInv    .            f - +0 pair of boots
Will    .....        (no amulet)
Stlth   ++           (no ring)
HPRegen 0.24/turn    (no ring)
MPRegen 0.10/turn

%: no passive effects
@: slowed, very slow
A: no striking features
a: no special abilities


You were on level 2 of the Dungeon.
You visited 1 branch of the dungeon, and saw 2 of its levels.

You collected 121 gold pieces.


   Skills:
 - Level 1.5 Fighting
 + Level 8.1 Ranged Weapons
 - Level 2.4 Dodging
 - Level 1.2 Stealth


You had 3 spell levels left.
You didn't know any spells.
Your spell library was empty.

Inventory:

Hand Weapons
 a - a +0 shortbow (weapon)
Armour
 c - a +0 leather armour (worn)
 d - a +0 cloak (worn)
 e - a +0 pair of gloves (worn)
 f - a +0 pair of boots (worn)
Potions
 h - a potion of enlightenment {unknown}
 i - a potion of curing {unknown}
 j - a potion of haste {unknown}

Dungeon Overview and Level Annotations

Branches:
Dungeon (2/15)

Altars:

Shops:
D:2 [

Annotations:
D:2 Natasha


Message History

You shoot an arrow. The arrow closely misses Natasha.
Natasha zaps a wand.
The puff of flame hits you.
You shoot an arrow. The arrow closely misses Natasha.
Natasha hisses.
Natasha mumbles some strange words.
You shoot an arrow. The arrow hits Natasha!
Natasha is heavily wounded.
You shoot an arrow. The arrow barely misses Natasha.
You shoot an arrow. The arrow hits Natasha.
Natasha is severely wounded.
Natasha stares at you and mumbles some strange words.
The magic dart hits you.
You shoot an arrow. The arrow closely misses Natasha.
Natasha stares at you and mumbles some strange words.
The magic dart hits you.
You shoot an arrow.
The arrow barely misses the cerulean imp.
The cerulean imp hits you from afar with a +1 spear.
Natasha casts a spell at you. You resist with some effort.
You shoot an arrow. The arrow hits the cerulean imp.
The cerulean imp is heavily wounded.
The cerulean imp hits you from afar with a +1 spear.
You shoot an arrow. The arrow closely misses Natasha.
Natasha mumbles some strange words.
The cerulean imp closely misses you.
Enter note:
Enter note: You shoot an arrow.
The arrow hits the cerulean imp!
The cerulean imp is heavily wounded.
The cerulean imp barely misses you.
The cerulean imp hits you with a +0 spear.
You shoot an arrow.
The arrow hits Natasha but does no damage.
Natasha is severely wounded.
The cerulean imp barely misses you.
Natasha stares at you and mumbles some strange words.
You feel yourself slow down. The cerulean imp closely misses you.
The cerulean imp hits you from afar with a +1 spear.
You die...

#.# ###.# #.# #.# #..#
#.# #.# #..# #.# ######.#
#..# #.# #......# #..#
#.## #.###### #..# #...
#.##############..# ####
#!......(.........#
#############@h...#
#.5...# #.5...# #.....#
#.....# ####..# ##...##
########### ##.#...##
#.........######.##..#.##


You could see Natasha and 2 cerulean imps.

Vanquished Creatures
  Natasha (twice) (D:2)
  An adder (D:2)
  2 ribbon worms (D:2)
  A dart slug (D:1)
  6 endoplasms
  2 giant cockroaches
  3 hobgoblins (D:1)
  3 jackals
  2 kobolds (D:1)
  4 quokkas
  10 ball pythons
  4 bats
  2 frilled lizards (D:1)
  2 goblins (D:1)
  6 rats
50 creatures vanquished.

Notes
Turn   | Place    | Note
-------+----------+-------------------------------------------
     0 | D:1      | qw the Deep Elf Hunter began the quest for the Orb.
     0 | D:1      | Reached XP level 1. HP: 12/12 MP: 3/3
     0 | D:1      | 0 ||| qw: Version: 0.3-a-160-g6735b56
     0 | D:1      | 0 ||| qw: Game counter: 5907
     0 | D:1      | 0 ||| qw: Melee chars always use a shield: true
     0 | D:1      | 0 ||| qw: God list: Okawaru
     0 | D:1      | 0 ||| qw: Allow faded altars: false
     0 | D:1      | 0 ||| qw: Do Orc after clearing Dungeon:15 true
     0 | D:1      | 0 ||| qw: Do second Lair branch before Depths: true
     0 | D:1      | 0 ||| qw: Lair rune preference: random
     0 | D:1      | 0 ||| qw: Goals: Normal
     0 | D:1      | 0 ||| PLANNING D:1-11
    40 | D:1      | Found a faded altar of an unknown god.
   185 | D:1      | Reached skill level 6 in Ranged Weapons
   185 | D:1      | Reached XP level 2. HP: 16/16 MP: 4/4
   572 | D:1      | Reached XP level 3. HP: 20/20 MP: 5/5
   977 | D:1      | 977 ||| UPGRADING to +0 cloak.
   982 | D:1      | 982 ||| UPGRADING to +0 pair of boots.
   987 | D:1      | 987 ||| READING scroll labelled SESAID QEMY.
  1088 | D:1      | 1088 ||| READING scroll labelled NAALYMEQAS.
  1089 | D:1      | 1089 ||| DROPPING scroll of butterflies.
  1281 | D:2      | Found Morheuc's Antique Armour Emporium.
  1287 | D:2      | 1287 ||| SHOPLISTING pair of gloves (112 gold, have 94).
  1287 | D:2      | 1287 ||| SHOPLISTING ring mail (100 gold, have 94).
  1326 | D:2      | Reached skill level 7 in Ranged Weapons
  1389 | D:2      | Noticed Natasha
  1399 | D:2      | HP: 5/20 [Natasha/magic dart (3)]
  1400 | D:2      | Killed Natasha
  1401 | D:2      | Reached XP level 4. HP: 7/25 MP: 6/6
  1449 | D:2      | Noticed Natasha
  1455 | D:2      | Killed Natasha
  1527 | D:2      | Reached skill level 8 in Ranged Weapons
  1751 | D:2      | 1751 ||| UPGRADING to +0 pair of gloves.
  1756 | D:2      | 1756 ||| READING scroll labelled GOILLE IMMIARHA.
  1756 | D:2      | 1756 ||| IDENTIFYING sedimented pink potion
  1757 | D:2      | 1757 ||| DROPPING potion of degeneration.
  1769 | D:2      | Noticed Natasha
  1779 | D:2      | HP: 6/25 [cerulean imp/+1 spear[Natasha] (4)]
  1782 | D:2      | Slain by a cerulean imp

Levels and vault maps discovered:
D:1:      co_arrival_hexagon_in_a_hexagon, layout_loops_corners,
          hellmonk_ecumenical_altar_heavens_door
D:2:      layout_loops_ring, serial_shops, shop, minmay_split_cup_large,
          uniq_natasha

Skill      XL: |  1  2  3  4 |
---------------+-------------+-----
Ranged Weapons | 6 7 8 |  8.1
Fighting       | |  1.5
Dodging        | |  2.4
Stealth        | |  1.2

Action                     |  1- 3 |  4- 6 || total
---------------------------+-------+-------++-------
   Fire: Shortbow          |   120 |    44 ||   164
    Use: Scroll            |     2 |     1 ||     3
 Armour: Leather armour    |    24 |    17 ||    41
  Dodge: Dodged            |    40 |    17 ||    57

Table legend:
 A = Non-vault XP
 B = Vault XP
 C = Vault XP percentage of total XP
 D = Non-vault monster count
 E = Vault monster count
 F = Vault count percentage of total count
                 A         B        C        D         E       F
            +---------+---------+-------+---------+---------+-------
      Total |     112 |      54 |  32.5 |      45 |       5 |  10.0
            +---------+---------+-------+---------+---------+-------
        D:1 |      54 |       0 |   0.0 |      32 |       0 |   0.0
        D:2 |      58 |      54 |  48.2 |      13 |       5 |  27.8
            +---------+---------+-------+---------+---------+-------
